 Dungeon Crawl Stone Soup version 0.30.1-4-g462c640d31 (webtiles) character file.

Game seed: 13979672811480959617

2660 safid the Frost Mage (level 9, -1/74 HPs)
             Began as a Merfolk Ice Elementalist on Sept 14, 2023.
             Was an Initiate of Vehumet.
             Slain by a polar bear (15 damage)
             ... on level 8 of the Dungeon.
             The game lasted 00:10:51 (6648 turns).

safid the Frost Mage (Merfolk Ice Elementalist)     Turns: 6648, Time: 00:10:52

Health: -1/74      AC: 13    Str:  5    XL:     9   Next: 63%
Magic:  19/19      EV: 13    Int: 19    God:    Vehumet [......]
Gold:   473        SH:  0    Dex: 19    Spells: 15/22 levels left

rFire   . . .        y - +9 mace of Moderation {spect, rElec Will+ Str-3 Dex+5}
rCold   . . .        (no shield)
rNeg    . . .        m - +2 robe {Will+}
rPois   .            (no helmet)
rElec   +            (no cloak)
rCorr   .            (no gloves)
SInv    .            A - +0 pair of boots
Will    ++...        c - amulet of magic regeneration
Stlth   ++           n - ring of flight
HPRegen 0.32/turn    (no ring)
MPRegen 0.56/turn

%: no passive effects
@: ice-armoured, flying
A: (nimble swimmer 2), mertail
a: Renounce Religion


You were on level 8 of the Dungeon.
You worshipped Vehumet.
Vehumet was noncommittal.
You visited 2 branches of the dungeon, and saw 9 of its levels.

You collected 473 gold pieces.

Inventory:

Hand Weapons
 y - the +9 mace of Moderation (weapon) {spect, rElec Will+ Str-3 Dex+5}
   (You found it on level 4 of the Dungeon)

   Str:       It affects your strength (-3).
   Dex:       It affects your dexterity (+5).
   rElec:     It insulates you from electricity.
   Will:      It increases your willpower.
Armour
 m - a +2 robe of willpower (worn)
 A - a +0 pair of boots (worn)
 C - a +0 pair of gloves
Jewellery
 c - an amulet of magic regeneration (around neck)
 n - a ring of flight (left hand)
 o - a ring of ice
Wands
 z - a wand of mindburst (15)
Scrolls
 a - a scroll of acquirement {unknown}
 e - 2 scrolls of torment {unknown}
 i - 6 scrolls of teleportation {unknown}
 q - a scroll of immolation {unknown}
 s - 6 scrolls of identify {unknown}
 t - a scroll of fog {unknown}
 u - 3 scrolls of vulnerability {unknown}
 v - 4 scrolls of blinking {unknown}
 w - 2 scrolls of enchant weapon {unknown}
 x - a scroll of enchant armour {unknown}
 D - a scroll of brand weapon {unknown}
Potions
 b - a potion of magic
 d - a potion of invisibility
 f - a potion of heal wounds {unknown}
 g - 3 potions of lignification
 h - 2 potions of cancellation {unknown}
 j - 6 potions of curing {unknown}
 k - a potion of flight {unknown}
 l - 2 potions of haste
 p - a potion of berserk rage {unknown}
 r - a potion of brilliance {unknown}
 B - a potion of degeneration {unknown}


   Skills:
 + Level 8.0 Fighting
 - Level 2.6 Dodging
 - Level 2.1 Stealth
 + Level 7.0 Spellcasting
 + Level 9.3 Ice Magic


You had 15 spell levels left.
You knew the following spells:

 Your Spells              Type           Power      Damage    Failure   Level
a - Freeze                Ice            100%       1d10      1%          1
b - Frozen Ramparts       Ice            84%        1d13      1%          3
c - Ozocubu's Armour      Ice            42%        N/A       1%          3

Your spell library contained the following spells:

 Spells                   Type           Power      Damage    Failure   Level
 Beastly Appendage        Tmut           12%        N/A       10%         1
 Sandblast                Erth           12%        2d6       10%         1
 Summon Ice Beast         Ice/Summ       24%        N/A       14%         4
 Passwall                 Tmut/Erth      5%         N/A       16%         2
 Wereblood                Tmut           6%         N/A       16%         2
 Spider Form              Tmut/Pois      6%         N/A       30%         3
 Stone Arrow              Conj/Erth      12%        3d7       30%         3
 Vhi's Electric Charge    Tloc/Air       12%        N/A       30%         3
 Animate Dead             Necr           6%         N/A       69%         4
 Arcjolt                  Conj/Air       3%         1d13      95%         5
 Borgnjor's Vile Clutch   Necr/Erth      3%         N/A       95%         5
 Death Channel            Necr           3%         N/A       100%        6
 Plasma Beam              Fire/Air       3%         2x1d14    100%        6


Dungeon Overview and Level Annotations

Branches:
Dungeon (8/15)             Temple (1/1) D:7
   Lair: D:8-11

Altars:
Dithmenos
Fedhas
Hepliaklqana
Kikubaaqudgha
Makhleb
Nemelex Xobeh
Okawaru
Qazlal
Trog
Vehumet
Wu Jian
Xom
Yredelemnul
Zin

Shops:
D:3 [

Annotations:
D:3 Sigmund


Innate Abilities, Weirdness & Mutations

((You are very nimble when in or above water. (Stealth+, EV+, Speed+++)))
Your lower body shifts to a powerful aquatic tail in water.


Message History

The polar bear claws you but does no damage.
The polar bear misses you.
Unknown command.
You hit the polar bear but do no damage.
The polar bear is heavily wounded.
The polar bear completely misses you. The polar bear misses you.
The polar bear completely misses you. The polar bear bites you!
The polar bear claws you but does no damage. x2
Unknown command.
You sock the polar bear!
The polar bear is severely wounded.
The polar bear goes berserk!
Unknown command.
You barely miss the polar bear.
The polar bear is severely wounded.
The polar bear bites you!
* * * LOW HITPOINT WARNING * * *
The polar bear claws you but does no damage.
The polar bear completely misses you. The polar bear misses you.
The polar bear claws you but does no damage.
The polar bear claws you.
* * * LOW HITPOINT WARNING * * *
You hit the polar bear.
You punch the polar bear, but do no damage.
The polar bear is severely wounded.
The polar bear closely misses you. The polar bear misses you.
The polar bear claws you but does no damage.
The polar bear barely misses you.
The polar bear claws you but does no damage. x2
You sock the polar bear!
The polar bear is almost dead.
The polar bear bites you!
* * * LOW HITPOINT WARNING * * *
The polar bear closely misses you. The polar bear barely misses you.
The polar bear misses you. The polar bear closely misses you.
The polar bear claws you but does no damage.
You hit the polar bear.
The polar bear is almost dead.
The polar bear bites you!
You die...

####....#.######## .#
#..#..#.# .# #.##..#.# .#
#.##..#.# .#
#############.##..#<# .#
#.................###
#####.#...............#
......#.####.######.#.#
......#.......[h@.#.#.#
......##....#.###.#.#..
......##.##.#.....#.######
......##....#............#
......##.................#
......##h................#
.h...)#..........<.......#
......).............######
#####.##.#####...##.#


You could see a polar bear (berserk).

Vanquished Creatures
  An acid dragon (D:8)
  2 water moccasins
  A sky beast (D:6)
  2 black bears
  An ice beast (D:8)
  An ogre (D:6)
  A phantom (D:7)
  3 centaurs
  3 bullfrogs
  4 scorpions
  7 wights
  A howler monkey (D:6)
  A crimson imp (D:5)
  2 jellies (D:6)
  4 hounds
  3 sleepcaps
  Jessica (D:2)
  5 iguanas
  An orc wizard (D:8)
  14 adders
  6 gnolls
  A white imp (D:7)
  An ufetubus (D:5)
  A dart slug (D:4)
  11 orcs
  A bat (D:2)
  7 endoplasms
  4 giant cockroaches
  6 goblins
  12 hobgoblins
  4 kobolds
  5 quokkas
  7 ball pythons
  5 frilled lizards
  5 rats
134 creatures vanquished.

Notes
Turn   | Place    | Note
-------+----------+-------------------------------------------
     0 | D:1      | safid the Merfolk Ice Elementalist began the quest for the
                  | Orb.
     0 | D:1      | Reached XP level 1. HP: 13/13 MP: 3/3
   175 | D:1      | Reached XP level 2. HP: 6/20 MP: 1/5
   335 | D:1      | Found a faded altar of an unknown god.
   370 | D:1      | Reached skill level 1 in Fighting
   860 | D:2      | Noticed Jessica
   874 | D:2      | Reached XP level 3. HP: 23/26 MP: 2/6
   878 | D:2      | Learned a level 3 spell: Frozen Ramparts
   916 | D:2      | Killed Jessica
   921 | D:2      | Reached skill level 5 in Ice Magic
   921 | D:2      | Reached XP level 4. HP: 15/33 MP: 0/8
  1284 | D:2      | Reached XP level 5. HP: 31/39 MP: 9/9
  2016 | D:3      | Found Uhutyryl's Antique Armour Boutique.
  2071 | D:3      | Noticed a black bear
  2078 | D:3      | Killed a black bear
  2079 | D:3      | Reached XP level 6. HP: 9/47 MP: 8/11
  2279 | D:3      | Found an ornate altar of the Wu Jian Council.
  2280 | D:3      | Noticed Sigmund
  2581 | D:4      | Noticed a black bear
  2590 | D:4      | Reached skill level 6 in Ice Magic
  2593 | D:4      | Killed a black bear
  2715 | D:4      | Reached XP level 7. HP: 54/54 MP: 10/13
  2956 | D:4      | Identified the +9 mace of Moderation {spect, rElec Will+
                  | Str-3 Dex+5}
  3478 | D:5      | Entered Level 5 of the Dungeon
  3953 | D:5      | Reached skill level 5 in Fighting
  3960 | D:5      | Reached skill level 7 in Ice Magic
  4179 | D:5      | Reached skill level 5 in Spellcasting
  4179 | D:5      | Reached XP level 8. HP: 59/63 MP: 13/15
  4332 | D:5      | Found a basalt altar of Yredelemnul.
  4334 | D:5      | Found a shadowy altar of Dithmenos.
  4545 | D:5      | Found a shimmering altar of Xom.
  4545 | D:5      | Found an iron altar of Okawaru.
  4609 | D:5      | Found a burning altar of Makhleb.
  4851 | D:6      | Reached skill level 8 in Ice Magic
  5162 | D:6      | Reached XP level 9. HP: 65/71 MP: 18/18
  5166 | D:6      | Learned a level 3 spell: Ozocubu's Armour
  5413 | D:7      | Found a staircase to the Ecumenical Temple.
  5421 | Temple   | Entered the Ecumenical Temple
  5427 | Temple   | Became a worshipper of Vehumet
  6483 | D:8      | Reached skill level 9 in Ice Magic
  6601 | D:8      | Noticed a polar bear
  6648 | D:8      | Slain by a polar bear

Illustrated notes

Levels and vault maps discovered:
D:1:      giann_wishing_wells, layout_basic, shapermc_ecumenical_altar_gd
D:2:      layout_rooms, uniq_jessica
D:3:      layout_loops_cross, nzn_wu_jian_contemplation, serial_shops,
          nicolae_shop_trees, uniq_sigmund
D:4:      layout_loops_ring, serial_bayou, serial_bayou_lagoon_b,
          serial_bayou_crossing, serial_bayou_pond_c, serial_bayou_shore_b,
          minmay_pentomino_pile
D:5:      layout_loops_ring, gammafunk_temple_overflow_pools,
          makhleb_grotto_becter, nicolae_overflow_hidden_temple
D:6:      lemuel_ice_spiral_2, layout_rooms
D:7:      layout_basic, minmay_temple_entry_statues
D:8:      layout_basic, hellmonk_lair_entry_icy, minmay_misc_feat_tower
Temple:   eino_narrow_crystal_temple

Skill      XL: |  1  2  3  4  5  6  7  8  9 |
---------------+----------------------------+-----
Fighting       | 1 2 3 4 5 6 8 |  8.0
Ice Magic      | 5 6 7 8 9 |  9.3
Spellcasting   | 3 4 5 6 7 |  7.0
Dodging        | |  2.6
Stealth        | |  2.1

Action                     |  1- 3 |  4- 6 |  7- 9 || total
---------------------------+-------+-------+-------++-------
  Melee: Club              |    42 |       |       ||    42
         Unarmed           |     5 |       |       ||     5
         Dagger            |     4 |    32 |       ||    36
         Punch             |     1 |       |     4 ||     5
         Rapier            |       |    25 |    12 ||    37
         Mace              |       |       |   117 ||   117
   Cast: Freeze            |    23 |    43 |    32 ||    98
         Frozen Ramparts   |       |     7 |    21 ||    28
         Ozocubu's Armour  |       |       |     6 ||     6
    Use: Potion            |       |       |     1 ||     1
   Stab: Sleeping          |     1 |     3 |     4 ||     8
         Distracted        |       |       |     1 ||     1
 Armour: Robe              |    12 |    26 |    49 ||    87
         Skin              |       |       |     3 ||     3
  Dodge: Dodged            |    38 |    39 |   137 ||   214
